 Dungeon Crawl Stone Soup version 0.30.1-9-gdf580d7c3d (webtiles) character file.

Game seed: 4514557805761940882

392 Ivernyr the Shield-Bearer (level 7, -3/55 HPs)
             Began as a Formicid Fighter on Oct 6, 2023.
             Slain by a black bear (4 damage)
             ... on level 4 of the Dungeon.
             The game lasted 00:06:10 (2801 turns).

Ivernyr the Shield-Bearer (Formicid Fighter)        Turns: 2801, Time: 00:06:11

Health: -3/55      AC:  7    Str: 21    XL:     7   Next: 8%
Magic:  7/7        EV:  8    Int:  7    God:
Gold:   69         SH: 10    Dex: 15    Spells: 6/6 levels left

rFire   . . .        a - +0 long sword
rCold   . . .        c - +0 kite shield
rNeg    + . .        b - +0 scale mail
rPois   .            (helmet unavailable)
rElec   .            (no cloak)
rCorr   .            (no gloves)
SInv    +            (no boots)
Will    .....        (no amulet) Stlth
                     e - ring of positive energy
HPRegen 0.29/turn    (no ring)
MPRegen 0.10/turn

%: no passive effects
@: no status effects
A: permanent stasis, dig shafts and tunnels, antennae 3, four strong arms
a: Dig, Shaft Self


You were on level 4 of the Dungeon.
You visited 1 branch of the dungeon, and saw 4 of its levels.

You collected 261 gold pieces.
You spent 192 gold pieces at shops.

Inventory:

Hand Weapons
 a - a +0 long sword (weapon)
Armour
 b - a +0 scale mail (worn)
 c - a +0 kite shield (worn)
Jewellery
 e - a ring of positive energy (left hand)
Wands
 n - a wand of paralysis (9)
 t - a wand of flame (16)
Scrolls
 d - a scroll of fear {unknown}
 g - 4 scrolls of teleportation {unknown}
 h - a scroll of enchant armour {unknown}
 k - a scroll of immolation {unknown}
 m - 2 scrolls of amnesia {unknown}
 o - a scroll of magic mapping {unknown}
 q - 2 scrolls of identify {unknown}
 s - 2 scrolls of vulnerability {unknown}
 u - 2 scrolls of blinking {unknown}
 v - a scroll of butterflies {unknown}
Potions
 f - 3 potions of haste {unknown}
 i - a potion of resistance {unknown}
 j - 3 potions of heal wounds
 l - a potion of degeneration {unknown}
 p - 2 potions of brilliance
 r - a potion of mutation {unknown}
 w - a potion of magic {unknown}
 x - a potion of invisibility {unknown}
 z - 3 potions of curing


   Skills:
 + Level 4.6 Fighting
 * Level 4.6 Long Blades
 + Level 4.6 Armour
 + Level 5.6 Shields


You had 6 spell levels left.
You didn't know any spells.
Your spell library contained the following spells:

 Spells                   Type           Power      Damage    Failure   Level
 Apportation              Tloc           0%         N/A       95%         1
 Necrotise                Necr           0%         1d4       95%         1
 Slow                     Hex            0%         N/A       95%         1
 Summon Small Mammal      Summ           0%         N/A       95%         1
 Confusing Touch          Hex            0%         N/A       100%        3
 Ozocubu's Armour         Ice            0%         N/A       100%        3
 Vampiric Draining        Necr           0%         2d6       100%        3
 Ozocubu's Refrigeration  Ice            0%         4d7       100%        7


Dungeon Overview and Level Annotations

Branches:
Dungeon (4/15)
 Temple: D:4-7

Altars:
Zin

Shops:
D:4 !((


Innate Abilities, Weirdness & Mutations

You cannot be hasted, slowed, berserked, paralysed or teleported.
You can dig through walls and to a lower floor.
You have a pair of large antennae on your head. (SInv)
Your four strong arms can wield two-handed weapons with a shield.


Message History

The black bear closely misses you. You block the black bear's attack.
The black bear barely misses you. The black bear claws you.
You barely miss the black bear.
The black bear is almost dead.
The black bear bites you! You block the black bear's attack.
The black bear claws you but does no damage.
The black bear bites you.
* * * LOW HITPOINT WARNING * * *
The black bear claws you but does no damage. x2
You barely miss the black bear.
The black bear is almost dead.
The black bear bites you!
* * * LOW HITPOINT WARNING * * *
You block the black bear's attack. x3; The black bear barely misses you.
The black bear completely misses you.
You feel better.
The black bear bites you but does no damage.
You block the black bear's attack. The black bear claws you.
* * * LOW HITPOINT WARNING * * *
You closely miss the black bear.
The black bear is almost dead.
The black bear bites you.
* * * LOW HITPOINT WARNING * * *
You block the black bear's attack.
The black bear claws you but does no damage.
The black bear bites you!
* * * LOW HITPOINT WARNING * * *
The black bear barely misses you. x2
You hit the black bear but do no damage.
The black bear is almost dead.
The black bear bites you but does no damage.
You block the black bear's attack. x2; The black bear bites you.
* * * LOW HITPOINT WARNING * * *
The black bear claws you but does no damage.
You block the black bear's attack.
You barely miss the black bear.
The black bear is almost dead.
The black bear bites you but does no damage.
You block the black bear's attack. The black bear claws you.
You die...

{ ##.# ##....∩
#..# #...... #.##
#.##..)
#.#####)###..
#........####
##........### {
#...........# ## {
######.#.........#
.######
#.@..............#
.<..†.#
#h###..#.........#
.###### #.
#.####.......#
....... { ♣♣ ♣.#
#....#.... ..#####
♣## #....#.### ..#
####.# # #.# .#
#.# # #.#


You could see a black bear (berserk).

Vanquished Creatures
  Sigmund (D:3)
  An orc priest (D:3)
  A hound (D:4)
  2 iguanas (D:4)
  An adder (D:4)
  3 gnolls (D:3)
  A worm (D:3)
  4 dart slugs
  8 orcs
  6 ball pythons
  6 bats
  4 endoplasms
  3 giant cockroaches
  2 goblins
  4 hobgoblins
  4 jackals (D:4)
  5 quokkas
  A frilled lizard (D:2)
  6 kobolds
  5 rats
68 creatures vanquished.

Notes
Turn   | Place    | Note
-------+----------+-------------------------------------------
     0 | D:1      | Ivernyr the Formicid Fighter began the quest for the Orb.
     0 | D:1      | Reached XP level 1. HP: 18/18 MP: 1/1
   286 | D:1      | Reached XP level 2. HP: 23/24 MP: 2/2
   641 | D:1      | Reached XP level 3. HP: 29/29 MP: 3/3
  1486 | D:3      | Reached XP level 4. HP: 18/37 MP: 4/4
  1822 | D:3      | Reached XP level 5. HP: 31/42 MP: 5/5
  1909 | D:3      | Noticed Sigmund
  1929 | D:3      | Killed Sigmund
  1930 | D:3      | Reached skill level 5 in Shields
  1930 | D:3      | Reached XP level 6. HP: 44/49 MP: 6/6
  2310 | D:4      | Found a glowing silver altar of Zin.
  2490 | D:4      | Found Dimar's Antique Weapon Emporium.
  2510 | D:4      | Found Zett's Distillery.
  2525 | D:4      | Bought a potion of curing for 36 gold pieces
  2525 | D:4      | Bought a potion of heal wounds for 60 gold pieces
  2525 | D:4      | Bought a potion of curing for 36 gold pieces
  2525 | D:4      | Bought a potion of heal wounds for 60 gold pieces
  2730 | D:4      | Found Biaras's Weapon Emporium.
  2748 | D:4      | Reached XP level 7. HP: 47/55 MP: 7/7
  2800 | D:4      | HP: 1/55 [black bear (4)]
  2801 | D:4      | Slain by a black bear

Illustrated notes

Levels and vault maps discovered:
D:1:      dpeg_arrival_rhombi, layout_basic
D:2:      layout_rooms, serial_bayou_lagoon_b
D:3:      minmay_wonky_spiral, layout_loops_ring, uniq_sigmund
D:4:      layout_basic, zin_academy, ebering_ghost_inner_flame, serial_shops,
          nicolae_shop_advertising_works [nicolae_subvault_shop_adworks],
          nicolae_shop_peninsula, nicolae_shop_statue_plus,
          nicolae_shop_bloodbath_and_beyond, kennysheep_generic_room_7

Skill      XL: |  1  2  3  4  5 |
---------------+----------------+-----
Long Blades    | 3 4 |  4.6
Fighting       | 4 |  4.6
Armour         | 4 |  4.6
Shields        | 5 |  5.6

Action                     |  1- 3 |  4- 6 |  7- 9 || total
---------------------------+-------+-------+-------++-------
  Melee: Long sword        |   102 |   126 |    26 ||   254
    Use: Potion            |       |     1 |     1 ||     2
 Armour: Scale mail        |    52 |    48 |    22 ||   122
  Dodge: Dodged            |    42 |    38 |    12 ||    92
  Block: Buckler           |    14 |       |       ||    14
         Kite shield       |    31 |    53 |    25 ||   109
